 Dungeon Crawl Stone Soup version 0.30.1-9-gdf580d7c3d (webtiles) character file.

Game seed: 15882749648871563892

22 safid the Chiller (level 2, 0/21 HPs)
             Began as a Merfolk Ice Elementalist on Oct 13, 2023.
             Succumbed to an adder's poison
             ... on level 2 of the Dungeon.
             The game lasted 00:01:27 (735 turns).

safid the Chiller (Merfolk Ice Elementalist)         Turns: 735, Time: 00:01:28

Health: 0/21       AC:  2    Str:  8    XL:     2   Next: 91%
Magic:  0/5        EV: 12    Int: 14    God:
Gold:   97         SH:  0    Dex: 14    Spells: 4/5 levels left

rFire   + . .        c - +0 club
rCold   + . .        (no shield)
rNeg    . . .        a - +0 robe
rPois   +            (no helmet)
rElec   +            (no cloak)
rCorr   +            (no gloves)
SInv    .            (no boots)
Will    .....        (no amulet)
Stlth   ++           (no ring)
HPRegen 0.23/turn    (no ring)
MPRegen 0.09/turn

%: no passive effects
@: mighty, brilliant, lethally poisoned (0 -> -2), resistant
A: (nimble swimmer 2), mertail
a: no special abilities


You were on level 2 of the Dungeon.
You visited 1 branch of the dungeon, and saw 2 of its levels.

You collected 97 gold pieces.

Inventory:

Hand Weapons
 c - a +0 club (weapon)
Armour
 a - a +0 robe (worn)
Jewellery
 g - a +4 ring of protection
 h - a +6 ring of intelligence
Scrolls
 d - a scroll of torment {unknown}
 i - a scroll of noise {unknown}
 j - a scroll of enchant armour {unknown}
 k - a scroll of identify {unknown}
Potions
 b - a potion of magic
 e - 2 potions of brilliance


   Skills:
 + Level 1.2 Fighting
 - Level 2.6 Dodging
 - Level 2.1 Stealth
 + Level 2.4 Spellcasting
 + Level 4.7 Ice Magic


You had 4 spell levels left.
You knew the following spells:

 Your Spells              Type           Power      Damage    Failure   Level
a - Freeze                Ice            88%        1d9       3%          1

Your spell library contained the following spells:

 Spells                   Type           Power      Damage    Failure   Level
 Frozen Ramparts          Ice            44%        1d7       10%         3
 Ozocubu's Armour         Ice            22%        N/A       10%         3
 Summon Ice Beast         Ice/Summ       12%        N/A       65%         4
 Ozocubu's Refrigeration  Ice            11%        4d9       100%        7


Dungeon Overview and Level Annotations

Branches:
Dungeon (2/15)

Altars:


Innate Abilities, Weirdness & Mutations

((You are very nimble when in or above water. (Stealth+, EV+, Speed+++)))
Your lower body shifts to a powerful aquatic tail in water.


Message History

You hit the hobgoblin.
You kill the hobgoblin!
The adder closely misses you.
You hit the adder.
The adder is lightly wounded.
The adder bites you. x2
You closely miss the adder.
The adder is lightly wounded.
The adder closely misses you.
You closely miss the adder.
The adder is lightly wounded.
The adder bites you. The adder barely misses you.
You miss the adder.
The adder is lightly wounded.
The adder bites you but does no damage. The adder bites you.
You are poisoned.
The adder poisons you!
Casting: Freeze (safe; 3% risk of failure)
Confirm with . or Enter, or press ? or * to list all spells.
Aiming: Freeze (safe; 3% risk of failure)
Press: ? - help, Shift-Dir - straight line, f - adder
Aim: an adder (lightly wounded)
You freeze the adder.
The adder is severely wounded.
* * * LOW HITPOINT WARNING * * *
You feel sick. The adder barely misses you.
It was a potion of brilliance.
You feel clever all of a sudden.
You feel sick. The adder bites you.
* * * LOW HITPOINT WARNING * * *
Unknown command.
It was a potion of might.
You feel very mighty all of a sudden.
* * * LOW HITPOINT WARNING * * *
You feel sick. The adder bites you but does no damage.
The adder closely misses you.
Unknown command.
It was a potion of resistance.
You feel protected.
You die...

..#...
..#...#
##.....
.......
..?(8..
......g
#....S###
#@.##
#†..#
##.<#
####


You could see an adder and a goblin.

Vanquished Creatures
  2 endoplasms (D:1)
  3 giant cockroaches (D:1)
  2 goblins (D:1)
  3 hobgoblins
  A quokka (D:1)
  A ball python (D:1)
  3 bats
  3 kobolds (D:2)
  2 rats (D:1)
20 creatures vanquished.

Notes
Turn   | Place    | Note
-------+----------+-------------------------------------------
     0 | D:1      | safid the Merfolk Ice Elementalist began the quest for the
                  | Orb.
     0 | D:1      | Reached XP level 1. HP: 13/13 MP: 3/3
   123 | D:1      | Reached XP level 2. HP: 15/20 MP: 5/5
   307 | D:1      | Reached skill level 1 in Fighting
   734 | D:2      | HP: 1/21 [poisoned by an adder]
   735 | D:2      | Succumbed to an adder's poison

Illustrated notes

Levels and vault maps discovered:
D:1:      minmay_arrival_doors, layout_rooms
D:2:      layout_basic, grunt_ministairs_6, uniq_natasha

Skill      XL: |  1  2 |
---------------+-------+-----
Fighting       | 1 |  1.2
Dodging        | |  2.6
Stealth        | |  2.1
Spellcasting   | |  2.4
Ice Magic      | |  4.7

Action                     || total
---------------------------++-------
  Melee: Club              ||    61
         Unarmed           ||     5
   Cast: Freeze            ||    15
    Use: Potion            ||     3
   Stab: Sleeping          ||     3
 Armour: Robe              ||    23
  Dodge: Dodged            ||    68
